 Dungeon Crawl Stone Soup version 0.29.0-4-gdea44cf6ec (webtiles) character file.

Game seed: 3861225845642307225

85 qw the Chopper (level 4, -4/28 HPs)
             Began as a Gargoyle Fighter on Sept 9, 2022.
             Killed from afar by an orc wizard (8 damage)
             ... with a puff of flame
             ... on level 2 of the Dungeon.
             The game lasted 00:00:38 (1432 turns).

qw the Chopper (Gargoyle Fighter)                   Turns: 1432, Time: 00:00:39

Health: -4/28      AC: 12    Str: 22    XL:     4   Next: 48%
Magic:  4/4        EV:  9    Int:  8    God:
Gold:   136        SH:  0    Dex:  9    Spells: 3/3 levels left

rFire   . . .      SeeInvis .   a - +0 war axe
rCold   . . .      Faith    .   c - +0 buckler
rNeg    + . .      Spirit   .   b - +0 scale mail
rPois   inf        Reflect  .   (no helmet)
rElec   +          Harm     .   (no cloak)
rCorr   .          Rampage  .   i - +0 pair of gloves
Will    .....                   g - +0 pair of boots
Stlth   ..........              (no amulet)
HPRegen 0.09/turn               (no ring)
MPRegen 0.09/turn               (no ring)

@: confused
A: sickness immunity, AC +3, negative energy resistance 1, electricity
resistance, torment resistance 1, petrification resistance
a: no special abilities


You were on level 2 of the Dungeon.
You visited 1 branch of the dungeon, and saw 2 of its levels.

You collected 136 gold pieces.


Innate Abilities, Weirdness & Mutations

You are immune to sickness and miasma.
Your stone body is resilient. (AC +3)
You are immune to poison.
You resist negative energy. (rN+)
You are resistant to electric shocks. (rElec)
You are resistant to unholy torment.
You are immune to petrification.


   Skills:
 - Level 3.2 Fighting
 + Level 4.0 Axes
 - Level 0.8 Throwing
 - Level 3.2 Armour
 - Level 3.2 Shields


You had 3 spell levels left.
You didn't know any spells.
Your spell library was empty.

Inventory:

Hand Weapons
 a - a +0 war axe (weapon)
 h - a +0 mace
Armour
 b - a +0 scale mail (worn)
 c - a +0 buckler (worn)
 g - a +0 pair of boots (worn)
 i - a +0 pair of gloves (worn)
Scrolls
 f - a scroll of amnesia {unknown}
 k - a scroll of identify {unknown}
Potions
 d - 2 potions of might
 e - a potion of magic {unknown}
 j - a potion of degeneration {unknown}

Dungeon Overview and Level Annotations

Branches:
Dungeon (2/15)

Altars:

Shops:
D:2 (

Annotations:
D:2 1 runed translucent door, Crazy Yiuf, Terence


Message History

You kill the orc!
You barely miss something.
You feel less confused. Something hits you but does no damage.
Your Axes skill increases to level 4!
You hit the orc priest but do no damage.
You closely miss something.
You hear some strange, mumbled words.
A magic dart appears from out of thin air!
The magic dart hits you.
The orc priest hits you but does no damage.
You hear some strange, mumbled words.
You are confused.
The orc priest casts a cantrip, but nothing happens.
You're too confused to move!
The orc priest barely misses you.
You hear some strange, mumbled words.
You are more confused.
You hit the orc priest but do no damage.
You barely miss something.
The orc priest hits you but does no damage.
Something hits you.
The orc priest hits you but does no damage.
You hear some strange, mumbled words.
Something tries to affect you, but you resist.
The orc priest hits you but does no damage.
Something hits you but does no damage.
The orc priest casts a cantrip, but nothing happens.
You closely miss the orc priest. You barely miss something.
Something hits you but does no damage.
The orc priest hits you but does no damage.
You hit the orc priest but do no damage.
You miss something. You barely miss the worm.
Something hits you but does no damage.
The orc priest begins to cast a cantrip, but forgets the words!
The worm bites you but does no damage.
You hear some strange, mumbled words.
A puff of flame appears from out of thin air!
The puff of flame hits you!
You die...

#........# .. .........
#......[.##.# ###.....>
#....)....(. .........
#.........# ####....} #.
.......# ##.>.. #.
#..?.###.#### #...#
#.####)))..##....#####.#
#.....{o#......#....##..
#.....w@#......#.##.##..
#.......##.o).##........
##[......##..o.##.#####+.
#.........##w.##..## #..
#.....#...# ..##...# 7..
#.###.#....####....# 77.
## #.###..####..### 77
#.# #..##...# 7 #.#
##..##...#


7 You could see a worm and an orc priest.

Vanquished Creatures
  Jessica (D:2)
  2 adders (D:2)
  A dart slug (D:2)
  3 orcs (D:2)
  2 endoplasms (D:1)
  2 giant cockroaches (D:1)
  4 goblins
  2 hobgoblins (D:1)
  3 jackals (D:1)
  A quokka (D:1)
  3 ball pythons
  5 bats
  2 frilled lizards (D:1)
  2 kobolds (D:1)
  2 rats (D:1)
35 creatures vanquished.

Notes
Turn   | Place    | Note
-------+----------+-------------------------------------------
     0 | D:1      | qw the Gargoyle Fighter began the quest for the Orb.
     0 | D:1      | Reached XP level 1. HP: 14/14 MP: 1/1
     0 | D:1      | 0 ||| qw: Version: 0.1-a-113-g051387a
     0 | D:1      | 0 ||| qw: Game counter: 7060
     0 | D:1      | 0 ||| qw: Always use a shield: true
     0 | D:1      | 0 ||| qw: God list: Okawaru
     0 | D:1      | 0 ||| qw: Allow faded altars: false
     0 | D:1      | 0 ||| qw: Do Orc after D:15 true
     0 | D:1      | 0 ||| qw: Do second Lair branch before Depths: true
     0 | D:1      | 0 ||| qw: Lair rune preference: random
     0 | D:1      | 0 ||| qw: Plans: Normal, Zot, God:TSO, Crypt, Tomb, Zig,
                  | Orb
     0 | D:1      | 0 ||| PLANNING D:1-11
    27 | D:1      | Reached skill level 2 in Axes
   190 | D:1      | Reached XP level 2. HP: 18/19 MP: 2/2
   216 | D:1      | 216 ||| Stepping ~*~*~tactically~*~*~ (stealth).
   632 | D:1      | Reached skill level 3 in Axes
   764 | D:1      | Reached XP level 3. HP: 23/23 MP: 3/3
   930 | D:1      | Found a faded altar of an unknown god.
   944 | D:1      | 944 ||| UPGRADING to +0 pair of boots.
   949 | D:1      | 949 ||| UPGRADING to +0 pair of gloves.
   954 | D:1      | 954 ||| DRINKING 2 metallic purple potions.
   955 | D:1      | 955 ||| DROPPING potion of flight.
   996 | D:2      | Found Xusiuq's Antique Weapon Emporium.
  1017 | D:2      | 1017 ||| SHOPLISTING runed morningstar (147 gold, have 87).
  1141 | D:2      | Noticed Jessica
  1146 | D:2      | Killed Jessica
  1147 | D:2      | Reached XP level 4. HP: 13/28 MP: 4/4
  1327 | D:2      | Found a runed translucent door.
  1328 | D:2      | Noticed Crazy Yiuf
  1330 | D:2      | Noticed Terence
  1415 | D:2      | 1415 ||| Stepping ~*~*~tactically~*~*~ (hiding).
  1425 | D:2      | Reached skill level 4 in Axes
  1425 | D:2      | HP: 5/28 [something/magic dart (5)]
  1432 | D:2      | Killed from afar by an orc wizard

Levels and vault maps discovered:
D:1:      tarquinn_simple_flora_water_a, layout_loops_ring,
          dreamdust_ecumenical_altar_angels_and_demons
D:2:      layout_rooms, serial_shops, shop_fountains, minmay_misc_feat_x,
          grunt_ministairs_1, chequers_serial_rivers_micro_e, minmay_cupped,
          uniq_crazy_yiuf_cottage, uniq_terence, uniq_jessica

Skill      XL: |  1  2  3  4 |
---------------+-------------+-----
Axes           | 2 3 4 |  4.0
Fighting       | |  3.2
Throwing       | |  0.8
Armour         | |  3.2
Shields        | |  3.2

Action                   |  1- 3 |  4- 6 || total
-------------------------+-------+-------++-------
Melee: War axe           |    83 |    13 ||    96
Throw: Javelin           |    12 |     1 ||    13
  Use: Potion            |     1 |       ||     1
Armor: Scale mail        |    46 |    22 ||    68
Dodge: Dodged            |    40 |     6 ||    46
Block: Buckler           |    20 |     1 ||    21

Table legend:
 A = Non-vault XP
 B = Vault XP
 C = Vault XP percentage of total XP
 D = Non-vault monster count
 E = Vault monster count
 F = Vault count percentage of total count
                 A         B        C        D         E       F
            +---------+---------+-------+---------+---------+-------
      Total |      81 |      41 |  33.6 |      32 |       3 |   8.6
            +---------+---------+-------+---------+---------+-------
        D:1 |      37 |       0 |   0.0 |      23 |       0 |   0.0
        D:2 |      44 |      41 |  48.2 |       9 |       3 |  25.0
            +---------+---------+-------+---------+---------+-------
